 Dungeon Crawl Stone Soup version 0.27-a0-1548-gf8a67e7463 (webtiles) character file.

Game seed: 12239421421533480415

709 SkiChan the Skirmisher (level 7, -2/61 (63) HPs)
             Began as a Minotaur Fighter on July 13, 2021.
             Was a Follower of Okawaru.
             Slain by a wight (9 damage)
             ... on level 4 of the Dungeon.
             The game lasted 00:05:07 (3835 turns).

SkiChan the Skirmisher (Minotaur Fighter)           Turns: 3835, Time: 00:05:08

HP:   -2/61 (63)    AC:  7    Str: 23    XL:     7   Next: 40%
MP:   6/6           EV:  8    Int:  5    God:    Okawaru [*.....]
Gold: 161           SH: 10    Dex:  9    Spells: 6/6 levels left

rFire    . . .     SeeInvis .   a - +0 war axe
rCold    . . .     Faith    +   c - +0 kite shield
rNeg     . . .     Spirit   .   b - +0 scale mail
rPois    .         Reflect  .   (helmet restricted)
rElec    .         Harm     .   (no cloak)
rCorr    .         Rampage  .   (no gloves)
Will     .....                  (no boots)
Stlth    ..........             g - amulet of faith
HPRegen  0.20/turn              (no ring)
MPRegen  0.10/turn              (no ring)

@: mighty, lightly drained
A: horns 2, retaliatory headbutt
a: Renounce Religion, Heroism


You were on level 4 of the Dungeon.
You worshipped Okawaru.
Okawaru was aware of your devotion.
You visited 1 branch of the dungeon, and saw 4 of its levels.
You also visited: Sewer.

You collected 161 gold pieces.

Inventory:

Hand Weapons
 a - a +0 war axe (weapon)
 j - a +0 short sword of venom
 x - a +0 hand crossbow
Missiles
 n - 16 poisoned darts (quivered)
 o - 56 bolts
Armour
 b - a +0 scale mail (worn)
 c - a +0 kite shield (worn)
Jewellery
 g - an amulet of faith (around neck)
 l - a ring of poison resistance
 v - a ring of ice
 w - a ring of magical power
 y - the ring "Yciof" {rCorr Dex+7}
   (You found it on level 4 of the Dungeon)

   [ring of resist corrosion]

   Dex:       It affects your dexterity (+7).
   rCorr:     It protects you from acid and corrosion.
Scrolls
 f - 2 scrolls of immolation {unknown}
 h - a scroll of fog {unknown}
 i - a scroll of summoning {unknown}
 k - 2 scrolls of vulnerability {unknown}
 m - a scroll of amnesia {unknown}
 p - a scroll of blinking {unknown}
 q - 3 scrolls of identify {unknown}
 t - a scroll of teleportation {unknown}
Potions
 e - 3 potions of curing {unknown}
 r - 3 potions of berserk rage {unknown}
 s - 2 potions of brilliance {unknown}
 u - a potion of haste {unknown}


   Skills:
 * Level 6.2 Fighting
 * Level 5.7(6.1) Axes
 + Level 3.2(4.9) Maces & Flails
 * Level 0.7 Crossbows
 + Level 5.2 Armour
 + Level 5.2 Shields


You had 6 spell levels left.
You didn't know any spells.
Your spell library contained the following spells:

 Spells                   Type           Power      Damage    Failure   Level
 Tukima's Dance           Hex            0%         N/A       100%        3
 Passage of Golubria      Tloc           N/A        N/A       100%        4
 Fireball                 Conj/Fire      0%         3d3       100%        5
 Iskenderun's Battlesphe  Conj           0%         2d6       100%        5
 Yara's Violent Unravell  Hex/Tmut       0%         3d3       100%        5
 Conjure Ball Lightning   Conj/Air       0%         3x3d6     100%        6
 Orb of Destruction       Conj           0%         N/A       100%        7


Dungeon Overview and Level Annotations

Branches:
Dungeon (4/15)             Temple (0/1) D:4           Sewer (visited)

Altars:
Elyvilon
Fedhas
Okawaru
Sif Muna
Xom
Zin

Annotations:
D:4 1 transporter


Innate Abilities, Weirdness & Mutations

You have a pair of horns on your head.
You reflexively headbutt those who attack you in melee.


Message History

The centaur kicks you but does no damage.
Something hits you but does no damage. The centaur barely misses you. x2
Something hits you but does no damage.
You hit the centaur.
The centaur is heavily wounded.
You closely miss something. The centaur hits you.
The centaur kicks you but does no damage.
Something hits you but does no damage. The centaur barely misses you.
The centaur kicks you.
Your shield and scale mail prevent you from hitting the centaur.
The centaur is heavily wounded.
You hit something but do no damage.
The centaur hits you but does no damage.
The centaur kicks you but does no damage.
Something hits you. Something shocks you. The centaur barely misses you.
You block the centaur's attack. Something hits you. Something shocks you.
You slash the centaur!
You kill the centaur!
Okawaru accepts your kill.
You can now gain great but temporary skills.
You miss something.
A sky beast appears from thin air!
Reactivating autopickup.
The sky beast hits you. The sky beast shocks you.
You closely miss the wight. You miss the sky beast.
You completely miss the wight. The wight hits you with a +0 flail!
You block the sky beast's attack. The wight hits you with a +0 battleaxe.
The wight barely misses you. You furiously retaliate!
You headbutt the wight, but do no damage.
You hit the wight.
You headbutt the wight, but do no damage.
The wight is lightly damaged.
You hit the sky beast. You barely miss the wight.
The sky beast barely misses you. The wight hits you with a +0 battleaxe!
* * * LOW HITPOINT WARNING * * *
You feel drained.
* * * LOW HITPOINT WARNING * * *
The wight hits you but does no damage. You block the sky beast's attack.
You feel very mighty all of a sudden. The wight hits you with a +0 battleaxe!
You die...

..........................#
..........................#
..........................#
##........................#
.#.......>.........©......#
.#.........<...#########..#
.#............##8$._.$8##.#
.#............#..z[$()..#.#
##............#.@#...#..#.#
.#............#z#Y....#.#.#
.'............#©........#.#
.#............#.#.....#.#.#
.#)...........#..#.©.#..#.#
##......>.....#.........#.#
.#............##8.....8##.#
.+.............#########..#
.#.................©......#


You could see a sky beast and 2 wights.

Vanquished Creatures
  Grinder (D:3)
  Purgy (Sewer)
  A necrophage (D:4)
  A centaur (D:4)
  A kobold brigand (Sewer)
  A centaur skeleton (D:3)
  5 adders
  A worm (D:2)
  2 dart slugs
  4 orcs (D:3)
  9 ball pythons
  4 endoplasms
  6 giant cockroaches
  9 goblins
  3 hobgoblins (D:4)
  3 jackals (D:2)
  7 quokkas
  9 bats
  8 frilled lizards
  11 kobolds
  15 rats
102 creatures vanquished.

Vanquished Creatures (others)
  A giant cockroach (D:3)
1 creature vanquished.

Grand Total: 103 creatures vanquished

Notes
Turn   | Place    | Note
-------+----------+-------------------------------------------
     0 | D:1      | SkiChan the Minotaur Fighter began the quest for the Orb.
     0 | D:1      | Reached XP level 1. HP: 19/19 MP: 0/0
    71 | D:1      | Found a faded altar of an unknown god.
   168 | D:1      | Reached XP level 2. HP: 27/27 MP: 1/1
   290 | D:1      | Reached skill level 4 in Fighting
   585 | D:1      | Reached XP level 3. HP: 33/33 MP: 2/2
   772 | D:1      | Reached skill level 1 in Maces & Flails
  1701 | D:3      | Reached XP level 4. HP: 41/41 MP: 3/3
  1951 | D:3      | Found a shimmering altar of Xom.
  2239 | D:3      | Noticed Grinder
  2242 | D:3      | Paralysed by Grinder for 5 turns
  2299 | D:3      | Killed Grinder
  2300 | D:3      | Reached skill level 5 in Fighting
  2300 | D:3      | Reached XP level 5. HP: 27/48 MP: 4/4
  2300 | D:3      | Reached XP level 6. HP: 32/56 MP: 5/5
  2573 | D:3      | Found a shimmering blue altar of Sif Muna.
  2575 | D:3      | Found an iron altar of Okawaru.
  2579 | D:3      | Found a glowing silver altar of Zin.
  2586 | D:3      | Became a worshipper of Warmaster Okawaru
  2899 | D:4      | Found a white marble altar of Elyvilon.
  2936 | D:4      | Found a transporter.
  2996 | D:4      | Found a glowing drain.
  3018 | Sewer    | Entered a sewer
  3038 | Sewer    | Noticed Purgy
  3045 | Sewer    | Killed Purgy
  3046 | Sewer    | Reached skill level 5 in Axes
  3184 | Sewer    | Reached skill level 5 in Armour
  3317 | D:4      | Reached XP level 7. HP: 60/62 MP: 6/6
  3384 | D:4      | Reached skill level 5 in Shields
  3423 | D:4      | Reached skill level 6 in Fighting
  3492 | D:4      | Found a staircase to the Ecumenical Temple.
  3633 | D:4      | Found a blossoming altar of Fedhas.
  3655 | D:4      | Found a transporter.
  3671 | D:4      | Identified the ring "Yciof" {rCorr Dex+7}
  3832 | D:4      | Reached * piety under Okawaru
  3835 | D:4      | Slain by a wight

Illustrated notes

Levels and vault maps discovered:
D:1:      mainiacjoe_arrival_reflecting_pool, layout_rooms,
          hellmonk_ecumenical_altar_pennies_from_heaven, minmay_rat_gold_closets
D:2:      layout_loops_ring
D:3:      layout_basic, tgw_xom, grunt_temple_overflow_diamond,
          lemuel_old_faithful, uniq_grinder
D:4:      layout_gridville, elyvilon_altar_3, gammafunk_temple_overflow_arena,
          minmay_temple_entry_stoned_glass, gup_sewer_entry_pipe

Skill      XL: |  1  2  3  4  5  6  7 |
---------------+----------------------+-----
Axes           | 3 4 5 |  5.7
Fighting       | 4 5 6 |  6.2
Maces & Flails | 1 2 3 |  3.2
Armour         | 4 5 |  5.2
Shields        | 4 5 |  5.2
Crossbows      | |  0.7

Action                   |  1- 3 |  4- 6 |  7- 9 || total
-------------------------+-------+-------+-------++-------
Melee: War axe           |   123 |   100 |    23 ||   246
       Headbutt          |    16 |    10 |     2 ||    28
  Use: Potion            |       |       |     1 ||     1
Armor: Scale mail        |    55 |    39 |    13 ||   107
       Skin              |       |     3 |       ||     3
Dodge: Dodged            |    33 |    43 |    12 ||    88
Block: Kite shield       |    71 |    58 |    11 ||   140

Table legend: (Time is in decaauts)
 A = Elapsed time spent in this place.
 B = Non-inter-level travel time spent in this place.
 C = Inter-level travel time spent in this place.
 D = Time resting spent in this place.
 E = Time spent auto-exploring this place.
 F = Levels seen in this place.
 G = Mean time per level.
                   A        B        C        D        E       F      G
               +--------+--------+--------+--------+--------+-----+--------+
         Total |   3980 |   3832 |    148 |    289 |   2770 |   5 |  796.0 |
       Dungeon |   3702 |   3554 |    148 |    289 |   2547 |   4 |  925.5 |
         Sewer |    278 |    278 |      0 |      0 |    223 |   1 |  278.0 |
               +--------+--------+--------+--------+--------+-----+--------+

Top non-repeatable levels by time:
     D:3: 1198 daAuts
     D:1: 866 daAuts
     D:4: 832 daAuts
     D:2: 804 daAuts
   Sewer: 278 daAuts
